 Dungeon Crawl Stone Soup version 0.32-a0-12-g7fc57aa741 (webtiles) character file.

Game seed: 17710924047589502776

129 tilp the Vexing (level 4, 0/32 HPs)
             Began as a Vampire Enchanter on Jan 14, 2024.
             Slain by Terence
             ... wielding a +1 mace of holy wrath
              (8 damage)
             ... on level 2 of the Dungeon.
             The game lasted 00:05:50 (2191 turns).

tilp the Vexing (Vampire Enchanter)                 Turns: 2191, Time: 00:05:51

Health: 0/32       AC:  2    Str:  7    XL:     4   Next: 88%
Magic:  0/7        EV: 12    Int: 19    God:
Gold:   160        SH:  0    Dex: 14    Spells: 2/7 levels left

rFire   . . .        b - +1 short sword (elec)
rCold   . . .        (no shield)
rNeg    . . .        p - +0 robe
rPois   .            (no helmet)
rElec   .            (no cloak)
rCorr   .            (no gloves)
SInv    +            (no boots)
Will    .....        d - amulet of regeneration
Stlth   +++          (no ring)
HPRegen 1.25/turn    (no ring)
MPRegen 0.10/turn

%: no passive effects
@: healing quickly
A: alive, fangs 3, see invisible, vampiric 2
a: Exsanguinate


You were on level 2 of the Dungeon.
You visited 1 branch of the dungeon, and saw 3 of its levels.

You collected 160 gold pieces.

Inventory:

Hand Weapons
 a - a +2 dagger of venom
 b - a +1 short sword of electrocution (weapon)
 q - a +0 long sword
 w - a +1 dagger
Missiles
 e - 11 poisoned darts (quivered)
Armour
 p - a +0 robe (worn)
Jewellery
 d - an amulet of regeneration (around neck)
Scrolls
 f - a scroll of enchant armour {unknown}
 g - 2 scrolls of vulnerability {unknown}
 h - a scroll of noise {unknown}
 l - a scroll of teleportation {unknown}
 m - 4 scrolls of silence {unknown}
 n - 2 scrolls of identify {unknown}
 r - a scroll of blinking {unknown}
Potions
 c - a potion of invisibility
 i - 2 potions of degeneration {unknown}
 j - a potion of enlightenment {unknown}
 k - 2 potions of curing {unknown}
 o - a potion of heal wounds {unknown}


   Skills:
 * Level 1.5 Fighting
 + Level 1.8(2.3) Short Blades
 * Level 1.7(2.1) Long Blades
 + Level 2.6 Dodging
 + Level 5.1 Stealth
 + Level 2.2 Spellcasting
 * Level 5.2 Hexes
 + Level 0.9 Ice Magic


You had 2 spell levels left.
You knew the following spells:

 Your Spells              Type           Power      Damage    Failure   Level
a - Ensorcelled Hibernat  Hex/Ice        26%        N/A       7%          2
b - Confusing Touch       Hex            22%        N/A       6%          3

Your spell library contained the following spells:

 Spells                   Type           Power      Damage    Failure   Level
 Shock                    Conj/Air       8%         1d3       17%         1
 Blink                    Tloc           4%         N/A       26%         2
 Call Imp                 Summ           4%         N/A       26%         2
 Cigotuvi's Dreadful Rot  Necr/Alch/Air  4%         N/A       26%         2
 Lesser Beckoning         Tloc           4%         N/A       26%         2
 Momentum Strike          Conj/Tloc      4%         3d8       26%         2
 Sublimation of Blood     Necr           2%         N/A       26%         2
 Tukima's Dance           Hex            22%        N/A       6%          3
 Dazzling Flash           Conj/Hex       24%        N/A       17%         3
 Swiftness                Air            2%         N/A       45%         3
 Airstrike                Air            1%         2d(1-17)  86%         4
 Ignite Poison            Fire/Alch      2%         N/A       86%         4
 Freezing Cloud           Conj/Ice/Air   1%         6-21      99%         5
 Summon Hydra             Summ           1%         N/A       100%        7


Dungeon Overview and Level Annotations

Branches:
Dungeon (3/15)

Altars:

Annotations:
D:2 1 runed translucent door, Crazy Yiuf, Sigmund, Terence
D:3 Grinder


Innate Abilities, Weirdness & Mutations

Your natural rate of healing is accelerated.
You have razor-sharp teeth.
You have supernaturally acute eyesight. (SInv)
You are afflicted with vampirism and can become a bat while bloodless.


Message History

Aiming: Ensorcelled Hibernation (safe; 7% risk of failure)
Press: ? - help, Shift-Dir - straight line, f - Terence
Aim: Terence, wielding a +1 mace of holy wrath and wearing a +0 scale mail (chance to affect: 55%) Terence resists with significant effort.
Unknown command.
Casting: Ensorcelled Hibernation (safe; 7% risk of failure)
Confirm with . or Enter, or press ? or * to list all spells.
Aiming: Ensorcelled Hibernation (safe; 7% risk of failure)
Press: ? - help, Shift-Dir - straight line, f/p - Terence
Aim: Terence, wielding a +1 mace of holy wrath and wearing a +0 scale mail (chance to affect: 55%) Terence resists with significant effort.
Terence barely misses you.
Unknown command.
Casting: Ensorcelled Hibernation (safe; 7% risk of failure)
Confirm with . or Enter, or press ? or * to list all spells.
Aiming: Ensorcelled Hibernation (safe; 7% risk of failure)
Press: ? - help, Shift-Dir - straight line, f/p - Terence
Aim: Terence, wielding a +1 mace of holy wrath and wearing a +0 scale mail (chance to affect: 55%) Terence resists with significant effort.
Terence closely misses you.
Unknown command.
You completely miss Terence. Terence completely misses you.
You barely miss Terence.
Terence says, "You're history."
Terence hits you with a +1 mace of holy wrath.
You convulse.
You barely miss Terence. Terence closely misses you.
Your +2 dagger of venom stops dripping with poison.
You hear the crackle of electricity.
b - a +1 short sword of electrocution (weapon)
Terence hits you with a +1 mace of holy wrath!
You convulse!
* * * LOW HITPOINT WARNING * * *
You hit Terence. Lightning courses through Terence!
Terence is almost dead.
You hit Terence but do no damage.
Terence is almost dead.
Terence hits you with a +1 mace of holy wrath!
You die...
Terence says, "Rest in peace."

(..## #.# ################ ....#
#.###### #............... ....#
#......# #.#####.#.#.#.#. ..†.#
######.### #.# #.......... ....#
######...###.# ##.#>#.#.#. ....#
#>...........## #....J..... ....#
#.#.####.###..####.#.#.#.#. ....#
#.#...##.####..###......### ....#
#.###.##..@@<....##.....# '####
#.###.##########..##....###
.######.#.....................'..
......#.#.##....######......J.##.
#####.#.#.##.#...#.....###.......
....#.#.#.##.#####.##### ##.....$
###.#.#.#.##.......### ......
#<#.#.#.#.######.....## ##+##.
#.#.#...#.##.....#....# ##


You could see Terence.

Vanquished Creatures
  7 adders
  2 ribbon worms (D:3)
  5 orcs (D:3)
  4 ball pythons
  7 endoplasms
  2 giant cockroaches
  3 goblins
  4 hobgoblins
  A quokka (D:3)
  5 bats
  6 frilled lizards
  7 kobolds
  4 rats
57 creatures vanquished.

Notes
Turn   | Place    | Note
-------+----------+-------------------------------------------
     0 | D:1      | tilp the Vampire Enchanter began the quest for the Orb.
     0 | D:1      | Reached XP level 1. HP: 13/13 MP: 3/3
    89 | D:1      | Reached XP level 2. HP: 20/20 MP: 5/5
    92 | D:1      | Learned a level 2 spell: Ensorcelled Hibernation
   354 | D:1      | You fall into a shaft and drop 1 floor!
   402 | D:2      | Noticed Sigmund
   505 | D:2      | Reached skill level 1 in Long Blades
   505 | D:2      | Gained mutation: You are afflicted with vampirism and can
                  | become a bat while bloodless. [Vampire growth]
   505 | D:2      | Reached XP level 3. HP: 25/25 MP: 1/6
   513 | D:2      | Reached skill level 1 in Fighting
   518 | D:2      | Learned a level 3 spell: Confusing Touch
   611 | D:2      | Found a runed translucent door.
   612 | D:2      | Noticed Crazy Yiuf
   688 | D:1      | Found a faded altar of an unknown god.
  1139 | D:2      | Noticed Terence
  1437 | D:3      | Reached XP level 4. HP: 32/32 MP: 2/7
  1446 | D:3      | Reached skill level 5 in Hexes
  1836 | D:3      | Noticed Grinder
  1857 | D:3      | Reached skill level 5 in Stealth
  2191 | D:2      | Slain by Terence

Illustrated notes

Levels and vault maps discovered:
D:1:      psy_arrival_radial01, layout_rooms,
          shapermc_ecumenical_altar_hornbeckon
D:2:      layout_basic, basic_altar, st_stairs_13, serial_bayou_lagoon_a,
          minmay_ruptured, uniq_terence, uniq_sigmund, uniq_crazy_yiuf_cottage
D:3:      layout_basic, minivault_26, minmay_vboxes, uniq_grinder

Skill      XL: |  1  2  3  4 |
---------------+-------------+-----
Long Blades    | 1 |  1.7
Fighting       | 1 |  1.5
Hexes          | 5 |  5.2
Stealth        | 5 |  5.1
Short Blades   | |  1.8
Dodging        | |  2.6
Spellcasting   | |  2.2
Ice Magic      | |  0.9

Action                     |  1- 3 |  4- 6 || total
---------------------------+-------+-------++-------
  Melee: Dagger            |   120 |    71 ||   191
         Bite              |     7 |     6 ||    13
         Short sword       |       |     2 ||     2
  Throw: Dart              |       |     2 ||     2
   Cast: Ensorcelled Hiber |    10 |    13 ||    23
         Confusing Touch   |     1 |       ||     1
    Use: Potion            |     1 |       ||     1
   Stab: Sleeping          |    11 |    14 ||    25
         Confused          |     1 |       ||     1
 Armour: Robe              |    70 |    38 ||   108
  Dodge: Dodged            |    88 |    39 ||   127

Table legend: (Time is in decaauts)
 A = Elapsed time spent in this place.
 B = Non-inter-level travel time spent in this place.
 C = Inter-level travel time spent in this place.
 D = Time resting spent in this place.
 E = Time spent auto-exploring this place.
 F = Levels seen in this place.
 G = Mean time per level.
                   A        B        C        D        E       F      G
               +--------+--------+--------+--------+--------+-----+--------+
         Total |   2179 |   2177 |      2 |    488 |    872 |   3 |  726.3 |
       Dungeon |   2179 |   2177 |      2 |    488 |    872 |   3 |  726.3 |
               +--------+--------+--------+--------+--------+-----+--------+

Top non-repeatable levels by time:
     D:3: 869 daAuts
     D:1: 740 daAuts
     D:2: 569 daAuts
